 Dungeon Crawl Stone Soup version 0.30.0-18-gc0e69614cb (webtiles) character file.

Game seed: 4470688551041931914

690 buriedalive the Chiller (level 7, -9/36 HPs)
             Began as a Deep Elf Ice Elementalist on May 25, 2023.
             Killed by nerve-wracking pain
             ... invoked by Grinder
              (14 damage)
             ... on level 5 of the Dungeon.
             The game lasted 00:12:52 (5159 turns).

buriedalive the Chiller (Deep Elf Ice Elementalist) Turns: 5159, Time: 00:12:53

Health: -9/36      AC: 11    Str:  5    XL:     7   Next: 36%
Magic:  4/18       EV: 15    Int: 22    God:
Gold:   136        SH:  0    Dex: 15    Spells: 4/18 levels left

rFire   . . .        i - +2 dagger
rCold   . . .        (no shield)
rNeg    . . .        a - +0 robe
rPois   .            (no helmet)
rElec   .            (no cloak)
rCorr   .            l - +0 pair of gloves
SInv    .            n - +0 pair of boots
Will    .....        (no amulet)
Stlth   ++           (no ring)
HPRegen 0.26/turn    (no ring)
MPRegen 0.16/turn

%: no passive effects
@: mighty, ice-armoured, freezing walls
A: no striking features
a: no special abilities


You were on level 5 of the Dungeon.
You visited 1 branch of the dungeon, and saw 5 of its levels.

You collected 206 gold pieces.
You spent 70 gold pieces at shops.

Inventory:

Hand Weapons
 i - a +2 dagger (weapon)
Missiles
 j - 43 stones
 q - 3 poisoned darts
Armour
 a - a +0 robe (worn)
 h - a +0 pair of gloves
 l - a +0 pair of gloves (worn)
 n - a +0 pair of boots (worn)
Jewellery
 g - a ring of fire
Wands
 d - a wand of polymorph (13)
Scrolls
 f - 2 scrolls of poison
 p - a scroll of fog
Potions
 b - 3 potions of magic
 c - 3 potions of attraction
 e - 2 potions of mutation
 k - 2 potions of lignification
 m - 2 potions of might
 r - a potion of degeneration {unknown}


   Skills:
 + Level 6.2 Dodging
 - Level 2.4 Stealth
 - Level 6.0 Spellcasting
 + Level 1.2 Summonings
 + Level 6.9 Ice Magic


You had 4 spell levels left.
You knew the following spells:

 Your Spells              Type           Power      Damage    Failure   Level
a - Freeze                Ice            100%       1d10      1%          1
b - Ozocubu's Armour      Ice            37%        N/A       1%          3
c - Frozen Ramparts       Ice            74%        1d12      1%          3
d - Hailstorm             Conj/Ice       21%        3d6       7%          3
e - Summon Ice Beast      Ice/Summ       24%        N/A       17%         4

Your spell library contained the following spells:

 Spells                   Type           Power      Damage    Failure   Level
 Lesser Beckoning         Tloc           12%        N/A       14%         2
 Ice Form                 Ice/Tmut       21%        N/A       22%         4
 Gell's Gravitas          Tloc           6%         N/A       26%         3
 Ignite Poison            Fire/Tmut/Pois 6%         N/A       26%         3
 Teleport Other           Tloc           6%         N/A       26%         3
 Sticky Flame             Conj/Fire      6%         2d3       65%         4
 Simulacrum               Ice/Necr       10%        N/A       98%         6
 Ignition                 Fire           3%         3d4       100%        8


Dungeon Overview and Level Annotations

Branches:
Dungeon (5/15)
 Temple: D:4-7

Altars:
Cheibriados
Elyvilon
Nemelex Xobeh
Okawaru
Qazlal
Uskayaw
Zin
The Shining One

Shops:
D:3 [=!

Annotations:
D:5 Grinder


Message History

Press: ? - help, Dir - look around, f - activate The walls around you are covered in ice.
Grinder says, "Just stop there for a second..."
Grinder gestures at you. Pain shoots through your body!
* * * LOW HITPOINT WARNING * * *
Your icy armour and frozen ramparts will break if you move.
Continue?
Your icy armour cracks and falls away as you move.
The frozen ramparts melt away as you move.
Casting: Frozen Ramparts (safe; 1% risk of failure)
Confirm with . or Enter, or press ? or * to list all spells.
Casting: Frozen Ramparts (safe; 1% risk of failure)
Press: ? - help, Dir - look around, f - activate The walls around you are covered in ice.
Grinder completely resists.
The wall freezes Grinder but does no damage.
Casting: Frozen Ramparts (safe; 1% risk of failure)
Confirm with . or Enter, or press ? or * to list all spells.
A film of ice covers your body!
The wall freezes Grinder but does no damage.
You hit Grinder.
Grinder is severely wounded.
Grinder completely resists.
The wall freezes Grinder but does no damage.
Grinder hits you.
* * * LOW HITPOINT WARNING * * *
You closely miss Grinder.
Grinder is severely wounded.
Grinder completely resists.
The wall freezes Grinder but does no damage.
Grinder says, "There's only one good use for a tongue: cutting it out."
Grinder hits you but does no damage.
You hit Grinder.
Grinder is almost dead.
Grinder completely resists.
The wall freezes Grinder but does no damage.
Grinder says, "At least Makhleb appreciates what I'm doing."
Grinder gestures at you. Pain shoots through your body!
You die...

####.# ##>........
##.##.###.......##.
##...#.##.......###.
#.......'......)###.
##.....##..........#
##.######.......#.#
#.# ##........# #.#
##....###. #@#
##'#.#... #5#
#...###. #.#
#......#
##.#########.#..#.#
#.........#.......#
#.....###:.....###.
#..............###.
#.....§§.§......##.
#..§≈§§§≈§≈..#.....


You could see Grinder.

Vanquished Creatures
  2 water moccasins (D:5)
  An ogre (D:5)
  3 hounds
  An orc priest (D:5)
  2 iguanas (D:4)
  An orc wizard (D:5)
  Terence (D:2)
  4 gnolls (D:4)
  3 adders
  A shadow imp (D:5)
  3 worms
  3 dart slugs
  5 orcs
  7 endoplasms
  4 giant cockroaches
  5 hobgoblins (D:1)
  3 quokkas
  8 ball pythons
  4 bats
  5 frilled lizards
  4 goblins
  11 kobolds
  9 rats
90 creatures vanquished.

Notes
Turn   | Place    | Note
-------+----------+-------------------------------------------
     0 | D:1      | buriedalive the Deep Elf Ice Elementalist began the quest
                  | for the Orb.
     0 | D:1      | Reached XP level 1. HP: 10/10 MP: 6/6
   462 | D:1      | Reached XP level 2. HP: 6/15 MP: 4/8
  1232 | D:1      | Reached XP level 3. HP: 4/19 MP: 1/10
  1412 | D:1      | Learned a level 3 spell: Ozocubu's Armour
  1416 | D:1      | Learned a level 3 spell: Frozen Ramparts
  2115 | D:2      | Noticed Terence
  2122 | D:2      | Killed Terence
  2123 | D:2      | Reached skill level 5 in Ice Magic
  2341 | D:2      | Reached XP level 4. HP: 20/24 MP: 1/12
  2939 | D:3      | Found Qanuz's Distillery.
  3057 | D:3      | Bought a potion of heal wounds for 70 gold pieces
  3073 | D:3      | Found Juatixay's Antique Armour Emporium.
  3143 | D:3      | Found Reaw Ebo's Jewellery Shop.
  3174 | D:3      | Found a faded altar of an unknown god.
  3594 | D:4      | Reached XP level 5. HP: 24/28 MP: 4/14
  3730 | D:4      | Found an iron altar of Okawaru.
  3745 | D:4      | Reached skill level 5 in Spellcasting
  3980 | D:4      | Found a sparkling altar of Nemelex Xobeh.
  3980 | D:4      | Found a hide-covered altar of Uskayaw.
  4096 | D:4      | Found a stormy altar of Qazlal.
  4242 | D:4      | Found a glowing golden altar of the Shining One.
  4242 | D:4      | Found a white marble altar of Elyvilon.
  4242 | D:4      | Found a glowing silver altar of Zin.
  4511 | D:5      | Entered Level 5 of the Dungeon
  4511 | D:5      | Noticed an ogre
  4515 | D:5      | Killed an ogre
  4516 | D:5      | Reached skill level 5 in Dodging
  4516 | D:5      | Reached XP level 6. HP: 32/32 MP: 6/16
  4652 | D:5      | Noticed a water moccasin
  4663 | D:5      | Killed a water moccasin
  4664 | D:5      | Reached XP level 7. HP: 36/36 MP: 6/18
  4808 | D:5      | Learned a level 3 spell: Hailstorm
  4813 | D:5      | Learned a level 4 spell: Summon Ice Beast
  4862 | D:5      | Reached skill level 1 in Summonings
  5103 | D:5      | Found a snail-covered altar of Cheibriados.
  5106 | D:5      | Noticed Grinder
  5141 | D:5      | Paralysed by Grinder for 3 turns
  5159 | D:5      | Killed from afar by Grinder

Illustrated notes

Levels and vault maps discovered:
D:1:      tarquinn_simple_flora_water_c, layout_basic,
          hangedman_decor_diamond_cutter, minmay_indecisive_spiral
D:2:      layout_loops_corners, uniq_terence
D:3:      layout_rooms, serial_shops, shop, nicolae_shop_tiny_real_fake_doors,
          shop, shapermc_ecumenical_altar_totnotflames, nrook_loot_triangle
D:4:      layout_cave_pools, good_gods_mini_temple, okawaru_ov_weapons_minmay,
          nicolae_qazlal_general_emergency, mainiacjoe_overflow_divided_tiny
D:5:      layout_loops_corners, mainiacjoe_overflow_chevrons, trog_book,
          ashenzari_conservatory_becter, minmay_starry_boxes, uniq_sigmund,
          uniq_grinder

Skill      XL: |  1  2  3  4  5  6  7 |
---------------+----------------------+-----
Dodging        | 3 4 5 6 |  6.2
Spellcasting   | 4 5 6 |  6.0
Ice Magic      | 5 6 |  6.9
Summonings     | 1 |  1.2
Stealth        | |  2.4

Action                     |  1- 3 |  4- 6 |  7- 9 || total
---------------------------+-------+-------+-------++-------
  Melee: Unarmed           |    27 |       |       ||    27
         Dagger            |     2 |    42 |    15 ||    59
   Cast: Freeze            |    65 |    39 |    11 ||   115
         Frozen Ramparts   |     2 |     7 |     5 ||    14
         Ozocubu's Armour  |       |     4 |     2 ||     6
    Use: Scroll            |     3 |     7 |       ||    10
         Potion            |       |     1 |     4 ||     5
   Stab: Sleeping          |     6 |     3 |       ||     9
 Armour: Robe              |    14 |    17 |     3 ||    34
  Dodge: Dodged            |    47 |    63 |    10 ||   120
